Map: Kairos Junction LE

Players

Leenock - Winner!

  • Race: Zerg Zerg
  • Spawn Location: 11:00

MaNa

  • Race: Protoss Protoss
  • Spawn Location: 5:00

Event: IEM Season 13: Katowice (2019)

VOD

Have the link to the VOD?

Description

Time

  • Played on: Feb. 25, 2019, 5:12 a.m.
  • Length: 4:09

All games in this series

Show
View Real Time Build Order
Export as new Build Order

Leenock Zerg - Winner!

Build Orders: Pool First, Zergling Baneling 

Get SALT Encoding   

  12  0:00  Drone  
  13  0:13  Overlord  
  13  0:17  Drone  
  14  0:31  Drone x2  
  16  0:41  Spawning Pool  
  15  0:45  Drone  
  16  0:50  Drone  
  16  0:56  Drone  
  18  0:59  Extractor  
  17  1:27  Zergling x4  
  17  1:28  Zergling x2  
  17  1:29  Queen  
  22  1:47  Zergling x2, Hatchery  
  21  1:51  Overlord  
  22  2:00  Metabolic Boost  
  22  2:14  Zergling x2  
  22  2:15  Zergling x2  
  24  2:22  Zergling x2  
  25  2:23  Baneling Nest  
  24  2:33  Zergling x2  
  24  2:38  Zergling x2  
  24  2:44  Zergling x4  
  26  2:51  Zergling x2  
  26  2:58  Zergling x2  
  28  2:59  Zergling x2  
  29  3:09  Zergling x2  
  29  3:12  Zergling x2  
  31  3:16  Zergling x2  
  31  3:19  Zergling x4  
  32  3:21  Zergling x2  
  32  3:23  Zergling x2  
  32  3:31  Baneling x2  
  32  3:32  Zergling x2  
  32  3:33  Baneling x2  
  32  3:36  Zergling x2  
  32  3:44  Baneling  
  32  3:45  Baneling x2  
  32  3:46  Baneling  
Show
View Real Time Build Order
Export as new Build Order

MaNa Protoss 

Build Orders: Nexus First 

Get SALT Encoding   

  12  0:00  Probe  
  13  0:13  Pylon, Probe  
  14  0:21  Probe  
  15  0:31  Probe  
  16  0:43  Probe  
  17  1:01  Nexus  
  17  1:11  Gateway  
  17  1:18  Pylon  
  17  1:21  Probe  
  18  1:26  Assimilator  
  18  1:36  Assimilator  
  18  1:37  Probe  
  19  1:49  Zealot, Probe  
  20  1:58  Cybernetics Core  
  20  2:01  Probe  
  23  2:08  Zealot  
  23  2:12  Pylon  
  22  2:21  Probe  
  25  2:25  Probe  
  26  2:32  Stalker  
  26  2:33  Probe  
  27  2:46  Pylon  
  29  2:54  Sentry, Robotics Facility  
  29  2:57  Probe  
  30  3:06  Shield Battery  
  30  3:15  Pylon  
  28  3:24  Pylon  
  28  3:28  Shield Battery  
  28  3:38  Gateway  
  28  3:46  Gateway  

Tags
 
Add a new tag
Caveats
  • Supply blocks, unpowered buildings, or Contaminate may cause inaccurate times.
  • Supply counts are checked every 10 seconds.